 Dungeon Crawl Stone Soup version 0.23.2-40-g277498a001 (webtiles) character file.

Game seed: 15050639296566351806

267 Hylith the Chopper (level 6, -23/50 HPs)
             Began as a Formicid Abyssal Knight on Aug 15, 2019.
             Was a Believer of Lugonu.
             Annihilated by an ogre
             ... wielding a +0 giant club
              (24 damage)
             ... on level 4 of the Dungeon.
             The game lasted 00:04:11 (1906 turns).

Hylith the Chopper (Formicid Abyssal Knight)        Turns: 1906, Time: 00:04:12

Health: -23/50     AC: 10    Str: 23    XL:     6   Next: 45%
Magic:  7/7        EV:  8    Int: 12    God:    Lugonu [**....]
Gold:   91         SH:  0    Dex: 10    Spells: 5/5 levels left

rFire    . . .     SeeInvis +   a - +1 hand axe
rCold    . . .     Gourm    .   (no shield)
rNeg     . . .     Faith    .   b - +0 chain mail
rPois    .         Spirit   .   (helmet unavailable)
rElec    .         Reflect  .   (no cloak)
rCorr    .         Harm     .   (no gloves)
MR       .....                  g - +0 pair of boots
Stlth    ..........             (no amulet)
HPRegen  0.16/turn              (no ring)
MPRegen  0.10/turn              (no ring)

@: mighty
A: permanent stasis, dig shafts and tunnels, four strong arms, antennae 3
a: Dig, Shaft Self, Depart the Abyss, Bend Space, Renounce Religion


You were on level 4 of the Dungeon.
You worshipped Lugonu.
Lugonu was pleased with you.
You were not hungry.

You visited 1 branch of the dungeon, and saw 3 of its levels.
You visited the Abyss 1 time.

You collected 91 gold pieces.

Inventory:

Hand Weapons
 a - a +1 hand axe (weapon)
Armour
 b - a +0 chain mail (worn)
 g - a +0 pair of boots (worn)
Scrolls
 d - 3 scrolls of teleportation {unknown}
 e - a scroll of magic mapping {unknown}
 h - a scroll of immolation {unknown}
 i - a scroll of noise {unknown}
 j - 3 scrolls of identify {unknown}
 k - a scroll of enchant weapon {unknown}
 l - a scroll of fog {unknown}
 n - a scroll of enchant armour {unknown}
 o - 2 scrolls of fear {unknown}
Potions
 m - a potion of curing
 q - a potion of degeneration {unknown}
Comestibles
 c - 4 rations
 f - 3 chunks of flesh


   Skills:
 + Level 4.8 Fighting
 * Level 4.9 Axes
 - Level 3.2 Armour
 - Level 1.0 Dodging
 - Level 2.1 Invocations


You had 5 spell levels left.
You didn't know any spells.
Your spell library was empty.

Dungeon Overview and Level Annotations

Branches:
Dungeon (2/15)

Altars:
Sif Muna


Innate Abilities, Weirdness & Mutations

You cannot be hasted, slowed, berserked, paralysed or teleported.
You can dig through walls and to a lower floor.
Your four strong arms can wield two-handed weapons with a shield.
You have a pair of large antennae on your head. (SInv)


Message History

You are too injured to fight recklessly!
Unknown command.
You barely miss the ogre.
The ogre is severely wounded.
The ogre hits you with a +0 giant club!
* * * LOW HITPOINT WARNING * * *
Unknown command.
You feel better.
You hit the ogre.
The ogre is almost dead.
The ogre closely misses you.
You barely miss the ogre.
The ogre is severely wounded.
The ogre hits you with a +0 giant club!
* * * LOW HITPOINT WARNING * * *
Unknown command.
You barely miss the ogre.
The ogre is severely wounded.
The ogre hits you with a +0 giant club!!
You die...

##.....)..#
#........#
#........#
##.......## .
#........####### ..
#..............##...
#...................
#............†......
#..........@O.###.
#.............#
#..............#
........##......#
....... ##.......
.....# #........
...# #.........
##........


You could see an ogre.

Vanquished Creatures
  An ogre (D:4)
  A centaur (D:2)
  Jessica (D:2)
  2 adders
  A worm (D:2)
  2 dart slugs (D:1)
  2 leopard geckos (D:1)
  An orc (D:4)
  A ball python (D:1)
  5 bats
  A giant cockroach (D:1)
  12 goblins
  6 hobgoblins
  3 jackals (D:4)
  2 quokkas (D:2)
  2 frilled lizards
  3 kobolds
  4 rats (D:1)
50 creatures vanquished.

Notes
Turn   | Place    | Note
-------+----------+-------------------------------------------
     0 | Abyss:1  | Hylith the Formicid Abyssal Knight began the quest for the
                  | Orb.
     0 | Abyss:1  | Reached XP level 1. HP: 18/18 MP: 2/2
    15 | D:1      | Escaped the Abyss
    85 | D:1      | Reached skill level 1 in Dodging
    89 | D:1      | Reached XP level 2. HP: 7/24 MP: 3/3
   471 | D:1      | Reached ** piety under Lugonu
   562 | D:1      | Reached XP level 3. HP: 29/29 MP: 4/4
  1000 | D:2      | Found a deep blue altar of Sif Muna.
  1092 | D:2      | Noticed a centaur
  1110 | D:2      | Killed a centaur
  1110 | D:2      | Reached XP level 4. HP: 7/37 MP: 5/5
  1110 | D:2      | Reached XP level 5. HP: 8/42 MP: 6/6
  1521 | D:2      | Noticed Jessica
  1529 | D:2      | Killed Jessica
  1577 | D:2      | You fall through a shaft for 2 floors!
  1878 | D:4      | Noticed an ogre
  1883 | D:4      | Killed an ogre
  1883 | D:4      | Reached XP level 6. HP: 36/50 MP: 7/7
  1891 | D:4      | Noticed an ogre
  1901 | D:4      | HP: 1/50 [ogre/+0 giant club (8)]
  1906 | D:4      | Annihilated by an ogre

Skill      XL: |  1  2  3  4  5 |
---------------+----------------+-----
Dodging        | 1 |  1.0
Axes           | 3 4 |  4.9
Fighting       | 4 |  4.8
Armour         | 3 |  3.2
Invocations    | |  2.1

Action                   |  1- 3 |  4- 6 || total
-------------------------+-------+-------++-------
Melee: Hand axe          |    95 |    85 ||   180
  Use: Potion            |     1 |     2 ||     3
  Eat: Chunk             |     1 |     2 ||     3
Armor: Leather armour    |     9 |       ||     9
       Chain mail        |    45 |    65 ||   110
       Ring mail         |     6 |       ||     6
Dodge: Dodged            |    38 |    50 ||    88
